 Dungeon Crawl Stone Soup version 0.28.0-43-g3370ac3207 (webtiles) character file.

Game seed: 5763805539841672626

21420 unlimited1921 the Thaumaturge (level 13, 0/93 HPs)
             Began as a Djinni Fire Elementalist on Mar 9, 2022.
             Was an Initiate of Gozag.
             Slain by a catoblepas (9 damage)
             ... while petrified by a catoblepas
             ... on level 3 of the Lair of Beasts.
             The game lasted 02:24:40 (24364 turns).

unlimited1921 the Thaumaturge (DjFE)               Turns: 24364, Time: 02:24:40

Health: 0/93       AC:  6    Str: 11    XL:     13   Next: 19%
Gold:   1793       EV:  2    Int: 23    God:    Gozag SH:  0 Dex: 16

rFire   + + +      SeeInvis .   F - +7 mace "Qyew" {flame, rF+ Will+++ Str+4 Stlth-}
rCold   x . .      Faith    .   D - orb {light}
rNeg    + + +      Spirit   .   G - +0 steam dragon scales
rPois   ∞          Reflect  +   (no helmet)
rElec   .          Harm     .   x - scarf {repulsion}
rCorr   .          Rampage  .   l - +0 pair of fencer's gloves {Riposte Dex+3}
Will    ++++.                   (boots unavailable)
Stlth   +.........              B - amulet of reflection
HPRegen 0.25/turn               b - +4 ring of slaying
MPRegen 0.00/turn               (no ring)

@: petrified, gold aura, flying, glowing, repel missiles
A: sickness immunity, fire resistance 2, cold vulnerability 1, float, innate
caster, HP casting, extra vitality 1
a: Renounce Religion, Potion Petition, Call Merchant, Bribe Branch


You were on level 3 of the Lair of Beasts.
You worshipped Gozag.
Gozag was most pleased with you.
You visited 4 branches of the dungeon, and saw 17 of its levels.

You collected 1878 gold pieces.
You paid 85 gold pieces to Gozag.

Inventory:

Hand Weapons
 h - the +4 long sword "Quonedic" {elec, rElec rF- Int+3}
   (You found it on level 1 of the Lair of Beasts)

   It occasionally discharges a powerful burst of electricity upon striking a
   foe.
   Int:       It affects your intelligence (+3).
   rF:        It makes you vulnerable to fire.
   rElec:     It insulates you from electricity.
 F - the +7 mace "Qyew" (weapon) {flame, rF+ Will+++ Str+4 Stlth-}
   (You found it on level 5 of the Dungeon)

   It burns those it strikes, dealing additional fire damage.
   Str:       It affects your strength (+4).
   rF:        It protects you from fire.
   Will:      It greatly increases your willpower.
   Stlth:     It makes you less stealthy.
 L - a +0 war axe
 M - a +6 hand axe
 Q - a +0 broad axe of flaming
 V - a +6 long sword
 X - a +2 short sword of protection
Missiles
 d - 360 stones
 e - 8 boomerangs
 p - 2 curare-tipped darts
 s - 3 boomerangs of dispersal
 C - 10 poisoned darts (quivered)
 E - 3 atropa-tipped darts
 Y - 2 throwing nets
Armour
 l - the +0 pair of fencer's gloves (worn) {Riposte Dex+3}
   (You acquired it on level 11 of the Dungeon)

   It allows the wearer to riposte with melee weapons, swiftly retaliating
   against missed attacks.
   Dex:       It affects your dexterity (+3).
 x - a scarf of repulsion (worn)
 A - +0 fire dragon scales
 D - an orb of light (worn)
 G - +0 steam dragon scales (worn)
Jewellery
 b - a +4 ring of slaying (left hand)
 g - a ring of protection from cold
 B - an amulet of reflection (around neck)
Wands
 w - a wand of acid (6)
 H - a wand of digging (26)
 T - a wand of iceblast (11)
 U - a wand of charming (5)
 Z - a wand of flame (12)
Scrolls
 f - 2 scrolls of immolation {unknown}
 i - a scroll of summoning {unknown}
 j - 2 scrolls of vulnerability {unknown}
 k - 2 scrolls of silence {unknown}
 n - a scroll of enchant weapon
 q - 6 scrolls of teleportation
 y - a scroll of blinking {unknown}
 J - 2 scrolls of brand weapon {unknown}
 N - a scroll of enchant armour {unknown}
 P - a scroll of fog {unknown}
Potions
 a - a potion of cancellation {unknown}
 c - 3 potions of brilliance
 o - 3 potions of berserk rage {unknown}
 t - 4 potions of might
 u - 5 potions of curing
 v - 3 potions of mutation {unknown}
 z - 2 potions of degeneration {unknown}
 I - a potion of haste {unknown}
 K - 2 potions of magic {unknown}
 O - 5 potions of heal wounds
 R - 2 potions of resistance {unknown}
 S - 2 potions of lignification {unknown}
Miscellaneous
 m - a phial of floods


   Skills:
 * Level 8.3 Fighting
 + Level 0.9 Long Blades
 + Level 4.1 Maces & Flails
 + Level 0.3 Throwing
 + Level 0.4 Armour
 + Level 5.3 Dodging
 + Level 7.5 Stealth
 + Level 2.0 Shields
 + Level 12.5 Spellcasting
 * Level 2.9 Evocations


You had 6 spell levels left.
You knew the following spells:

 Your Spells              Type           Power      Damage    Failure   Level
a - Foxfire               Conj/Fire      100%       2x1d9     1%          1
b - Scorch                Fire           100%       2d10      1%          2
c - Conjure Flame         Conj/Fire      64%        6-21      1%          3
d - Inner Flame           Hex/Fire       64%        N/A       1%          3
e - Flame Wave            Conj/Fire      64%        2d12      1%          4
f - Sandblast             Erth           100%       2d20      1%          1
g - Call Imp              Summ           64%        N/A       1%          2
h - Passwall              Tmut/Erth      53%        N/A       1%          2
i - Confusing Touch       Hex            64%        N/A       1%          3
j - Iskenderun's Battles  Conj           64%        2d11      1%          5
k - Alistair's Intoxicat  Tmut/Pois      42%        N/A       1%          5
Your spell library was empty.

Dungeon Overview and Level Annotations

Branches:
Dungeon (12/15)            Temple (1/1) D:7            Lair (3/6) D:8
  Swamp (1/4) Lair:2          Orc (0/2) D:10
  Snake: Lair:2-4    Spider: Lair:2-4

Altars:
Dithmenos
Gozag
Hepliaklqana
Kikubaaqudgha
Makhleb
Nemelex Xobeh
Okawaru
Qazlal
Ru
Xom
The Shining One

Shops:
D:4 :

Portals:
Trove: D:11 (give 5 potions of resistance)


Innate Abilities, Weirdness & Mutations

You are immune to sickness and miasma.
You are immune to poison.
Your flesh is very heat resistant. (rF++)
You are vulnerable to cold. (rC-)
You float through the air rather than walking.
You learn spells naturally, not from books.
Your magical power is your life essence.
You have superior vitality. (+4 MHP)


Message History

Your limbs are stiffening.
You are engulfed in calcifying dust.
Your limbs have turned to stone.
A nearby fungus withers and dies.
Your crimson imp blinks!
The catoblepas breathes a plume of calcifying dust at you.
The blast of calcifying dust hits you but does no damage.
The rime drake breathes ice at you. The flash freeze hits you!
You feel a painful chill!
You are encased in ice.
The catoblepas gores you!!
You have turned to stone.
You are engulfed in calcifying dust.
The catoblepas barely misses you.
You are engulfed in calcifying dust.
The water moccasin barely misses your battlesphere.
The rime drake is distracted by your dazzling golden aura.
The catoblepas gores you!!
* * * LOW HITPOINT WARNING * * *
The water moccasin is engulfed in blazing flames.
The water moccasin bites you.
* * * LOW HITPOINT WARNING * * *
The catoblepas gores you!
* * * LOW HITPOINT WARNING * * *
Your crimson imp hits the rime drake but does no damage.
The ice encasing you melts away.
Your crimson imp stops moving altogether!
The water moccasin is engulfed in blazing flames.
The water moccasin bites you.
* * * LOW HITPOINT WARNING * * *
The catoblepas gores you.
* * * LOW HITPOINT WARNING * * *
The water moccasin is engulfed in blazing flames.
The water moccasin bites you.
* * * LOW HITPOINT WARNING * * *
The rime drake is no longer distracted by gold.
The water moccasin is engulfed in blazing flames.
You kill the water moccasin!
The catoblepas gores you.
* * * LOW HITPOINT WARNING * * *
The catoblepas gores you!!
You die...
Your body crumbles into a pile of gold.

.###.##.###
.........
#........ .
#....... ..
#.#..P.##.#
.........
#.§*.#+P..
#.@.k..5..
#..§.○Y.$....
#$.P.#.§#......
..$. #..#...._.
... #..# .....
.Y #..$ <.... .
..P+ P... ....
....


You could see a death yak, a catoblepas, a rime drake (ally target), a friendly
battlesphere and a friendly crimson imp (summoned, petrified).

Vanquished Creatures
  Harold (D:9)
  A boulder beetle (Lair:2)
  Erolcha (D:10)
  A hydra (Lair:2)
  Erica (D:8)
  Pikel (D:4)
  2 oklob plants (Lair:2)
  2 cyclopes
  2 black mambas (Lair:2)
  Maurice (D:9)
  2 gargoyles
  Maggie (D:7)
  An unseen horror (D:11)
  5 cane toads
  5 komodo dragons
  3 kobold demonologists (D:10)
  4 blink frogs (Lair:2)
  A vampire (D:10)
  2 shadows
  7 yaks
  2 wraiths
  2 basilisks (Lair:1)
  A wyvern (Lair:2)
  Grum (D:8)
  Menkaure (D:4)
  3 vampire mosquitoes (D:11)
  2 steam dragons
  An acid dragon (D:11)
  11 water moccasins
  5 orc warriors
  A black bear (D:4)
  An ice beast (D:7)
  An ogre (D:7)
  A necrophage (D:8)
  19 wolves
  A centaur (D:8)
  2 kobold brigands (D:10)
  A lemure (D:4)
  9 bullfrogs
  A wyvern zombie (D:6)
  A gnoll sergeant (D:9)
  2 scorpions
  A wyvern skeleton (D:7)
  5 killer bees (D:9)
  2 electric eels
  10 wights
  A howler monkey (D:9)
  5 centaur zombies
  A bullfrog zombie (D:7)
  2 jellies
  5 orc priests
  4 iguanas
  Natasha (twice) (D:4)
  10 orc wizards
  3 howler monkey zombies
  8 gnolls
  7 adders
  A howler monkey skeleton (D:7)
  A shadow imp (D:7)
  A white imp (D:8)
  An adder skeleton (D:4)
  A worm (D:2)
  A dart slug (D:2)
  43 orcs
  7 ball pythons
  5 bats
  11 endoplasms
  5 giant cockroaches
  8 goblins
  7 hobgoblins
  12 jackals
  3 quokkas
  4 frilled lizards
  15 kobolds
  4 rats
309 creatures vanquished.

Vanquished Creatures (collateral kills)
  A komodo dragon (Lair:1)
  A blink frog (Lair:2)
  A vampire mosquito (D:11)
  2 bullfrogs
  A worm (D:3)
  A goblin (D:4)
  11 foxfires
18 creatures vanquished.

Vanquished Creatures (others)
  2 kobolds
  430 foxfires
  15 fungi
  21 plants
468 creatures vanquished.

Grand Total: 795 creatures vanquished

Notes
Turn   | Place    | Note
-------+----------+-------------------------------------------
     0 | D:1      | unlimited1921 the Djinni Fire Elementalist began the quest
                  | for the Orb.
     0 | D:1      | Reached XP level 1. HP: 15/15 MP: 0/0
   239 | D:1      | Reached XP level 2. HP: 15/21 MP: 0/0
   626 | D:1      | Reached skill level 3 in Spellcasting
   641 | D:1      | Reached XP level 3. HP: 23/25 MP: 0/0
   641 | D:1      | Learned a level 1 spell: Sandblast
   971 | D:1      | Found a faded altar of an unknown god.
  1391 | D:2      | Reached XP level 4. HP: 18/31 MP: 0/0
  1990 | D:2      | Reached skill level 1 in Fighting
  2191 | D:2      | Reached XP level 5. HP: 11/37 MP: 0/0
  2191 | D:2      | Learned a level 2 spell: Call Imp
  3070 | D:3      | Reached skill level 4 in Spellcasting
  3420 | D:3      | Found a sacrificial altar of Ru.
  4594 | D:4      | Noticed Natasha
  4601 | D:4      | Killed Natasha
  4602 | D:4      | Reached XP level 6. HP: 22/43 MP: 0/0
  4755 | D:4      | Noticed a black bear
  4758 | D:4      | Killed a black bear
  5115 | D:4      | Found Iliweof's Book Shop.
  5386 | D:4      | Noticed Pikel
  5390 | D:4      | Killed Pikel
  5391 | D:4      | Reached skill level 6 in Spellcasting
  5391 | D:4      | Reached XP level 7. HP: 38/50 MP: 0/0
  5391 | D:4      | Learned a level 2 spell: Passwall
  5391 | D:4      | Reached XP level 8. HP: 43/56 MP: 0/0
  5975 | D:4      | Noticed Menkaure
  5979 | D:4      | Killed Menkaure
  6425 | D:4      | Found a glowing golden altar of the Shining One.
  6509 | D:4      | Noticed Natasha
  6514 | D:4      | Killed Natasha
  6612 | D:5      | Entered Level 5 of the Dungeon
  6828 | D:5      | Found a shadowy altar of Dithmenos.
  7263 | D:5      | Identified the +7 mace "Qyew" {flame, rF+ Will+++ Str+4
                  | Stlth-}
  7796 | D:6      | Reached skill level 7 in Spellcasting
  7796 | D:6      | Reached XP level 9. HP: 48/62 MP: 0/0
  7796 | D:6      | Learned a level 3 spell: Confusing Touch
  7986 | D:6      | Reached skill level 1 in Maces & Flails
  8443 | D:6      | Noticed a gargoyle
  8876 | D:6      | Killed a gargoyle
  9245 | D:7      | Reached skill level 8 in Spellcasting
  9703 | D:7      | Reached skill level 5 in Fighting
  9703 | D:7      | Reached XP level 10. HP: 43/70 MP: 0/0
  9717 | D:7      | Noticed Maggie
  9721 | D:7      | Killed Maggie
 10099 | D:7      | Found a staircase to the Ecumenical Temple.
 10143 | Temple   | Entered the Ecumenical Temple
 10203 | Temple   | Became a worshipper of Gozag Ym Sagoz the Greedy
 10620 | D:7      | Found a shimmering altar of Xom.
 11033 | D:8      | Reached skill level 9 in Spellcasting
 11094 | D:8      | Reached skill level 5 in Stealth
 11594 | D:8      | Found a staircase to the Lair.
 11638 | D:8      | Noticed Erica
 11645 | D:8      | Killed Erica
 11723 | D:8      | Noticed Grum
 11732 | D:8      | Killed Grum
 11757 | D:8      | Reached XP level 11. HP: 28/76 MP: 0/0
 11757 | D:8      | Learned a level 5 spell: Iskenderun's Battlesphere
 13456 | D:9      | Noticed a cyclops
 13463 | D:9      | Killed a cyclops
 13464 | D:9      | Reached skill level 1 in Shields
 13464 | D:9      | Reached skill level 10 in Spellcasting
 13474 | D:9      | Noticed Maurice
 13487 | D:9      | Killed Maurice
 13872 | D:9      | Noticed Harold
 14408 | D:9      | HP: 2/78 [gargoyle/stone arrow (31)]
 14412 | D:10     | Entered Level 10 of the Dungeon
 14850 | D:9      | Killed Harold
 15283 | D:10     | You are sucked into a shaft and drop 1 floor!
 15581 | D:11     | Noticed a cyclops
 15593 | D:11     | Killed a cyclops
 15706 | D:11     | Identified a scroll of acquirement
 15708 | D:11     | Acquired the +0 pair of fencer's gloves {Riposte Dex+3}
 15708 | D:11     | Found the +0 pair of fencer's gloves {Riposte Dex+3}
 15829 | D:11     | Found a portal to a secret trove of treasure.
 16517 | D:12     | Noticed a boulder beetle
 16523 | D:12     | Reached skill level 11 in Spellcasting
 16523 | D:12     | Reached XP level 12. HP: 28/85 MP: 0/0
 16523 | D:12     | HP: 2/85 [boulder beetle (24)]
 16992 | D:10     | Found a staircase to the Orcish Mines.
 17063 | D:10     | Noticed a sixfirhy
 17066 | D:10     | Noticed a sixfirhy
 18105 | D:10     | Noticed Erolcha
 18112 | D:10     | Killed Erolcha
 18591 | Lair:1   | Entered Level 1 of the Lair of Beasts
 20179 | Lair:1   | Identified the +4 long sword "Quonedic" {elec, rElec rF-
                  | Int+3}
 20790 | Lair:2   | Reached skill level 5 in Dodging
 21359 | Lair:2   | Reached skill level 12 in Spellcasting
 21359 | Lair:2   | Reached skill level 1 in Evocations
 22025 | Lair:2   | Found a staircase to the Swamp.
 22025 | Lair:2   | Noticed a four-headed hydra
 22039 | Lair:2   | Killed a four-headed hydra
 22040 | Lair:2   | Reached XP level 13. HP: 21/92 MP: 0/0
 22040 | Lair:2   | Learned a level 5 spell: Alistair's Intoxication
 22384 | Lair:2   | Noticed a boulder beetle
 23612 | Lair:2   | Killed a boulder beetle
 23860 | Swamp:1  | Entered Level 1 of the Swamp
 23867 | Swamp:1  | HP: 4/92 [spriggan rider/+0 spear (3)]
 24350 | Lair:3   | Found a stormy altar of Qazlal.
 24352 | Lair:3   | Noticed a catoblepas
 24364 | Lair:3   | Slain by a catoblepas

Illustrated notes

Levels and vault maps discovered:
D:1:      lordsloth_arrival_two_stooges, layout_rooms,
          shapermc_ecumenical_altar_ellora
D:2:      layout_rooms
D:3:      layout_rooms, mainiacjoe_overflow_paths, wad_floor_pattern_1
D:4:      layout_basic, lemuel_doored_altar, serial_shops, shop_statue,
          uniq_menkaure, uniq_pikel, uniq_natasha
D:5:      layout_loops_ring, nicolae_dithmenos_through_a_glass_darkly
D:6:      layout_rooms
D:7:      layout_cave_pools, nicolae_kikubaaqudgha_miasma_corner, tgw_xom,
          minmay_temple_entry_large_hall, nrook_pool_corridor, uniq_maggie
D:8:      layout_basic, lair_entry_dummy, serial_glass, glass_columns_b,
          glass_columns_c, item_on_display_a, minmay_diced_spiral, uniq_erica,
          uniq_grum
D:9:      layout_small_grid, serial_park_tiny_1, minmay_starry_boxes,
          uniq_harold, uniq_maurice
D:10:     layout_long_grid, orc_0_dummy, uniq_erolcha
D:11:     layout_cave_pools, trove_entry_hex_spiral
D:12:     layout_rooms, minmay_mirror_moons_of_madness
Temple:   minmay_crystal_spiral_temple
Lair:1:   layout_cave_pods, serial_bayou_shore_a
Lair:2:   dpeg_oklob_gauntlet, layout_gridlike, minmay_swamp_entry_reptiles
Lair:3:   layout_chaotic_city, gauntlet_entry_generic, basic_altar
Swamp:1:  layout_basic_swamp, nicolae_swamp_round_clearing, swamp_pool1,
          grunt_ruined_hall, uniq_nikola

Skill      XL: |  1  2  3  4  5  6  7  8  9 10 11 12 13 |
---------------+----------------------------------------+-----
Spellcasting   | 3 4 6 7 8 9 11 12 | 12.5
Fighting       | 1 3 4 5 6 7 8 |  8.3
Stealth        | 2 3 4 5 6 7 |  7.5
Maces & Flails | 2 3 4 |  4.1
Dodging        | 3 4 5 |  5.3
Shields        | 1 2 |  2.0
Evocations     | 2 |  2.9
Long Blades    | |  0.9
Throwing       | |  0.3
Armour         | |  0.4

Action                   |  1- 3 |  4- 6 |  7- 9 | 10-12 | 13-15 || total
-------------------------+-------+-------+-------+-------+-------++-------
Melee: Mace              |       |       |    26 |    95 |    33 ||   154
       Falchion          |       |       |    10 |       |       ||    10
Throw: Dart              |       |       |       |       |    12 ||    12
 Cast: Foxfire           |    38 |    51 |    18 |   110 |    41 ||   258
       Sandblast         |    10 |     1 |     5 |    11 |       ||    27
       Scorch            |     4 |    39 |    43 |    84 |     1 ||   171
       Inner Flame       |     2 |    20 |    30 |   111 |     5 ||   168
       Call Imp          |       |     3 |    19 |    51 |     8 ||    81
       Confusing Touch   |       |       |     2 |       |       ||     2
       Iskenderun's Batt |       |       |       |    16 |     8 ||    24
       Flame Wave        |       |       |       |     8 |     1 ||     9
       Alistair's Intoxi |       |       |       |       |     4 ||     4
Evoke: Wand              |       |       |       |     2 |     3 ||     5
  Use: Scroll            |       |     4 |       |     8 |       ||    12
       Potion            |       |       |       |     1 |     1 ||     2
Armor: Robe              |     1 |     1 |     1 |       |       ||     3
       Leather armour    |       |       |     1 |       |       ||     1
       Steam dragon scal |       |       |     6 |    26 |     2 ||    34
Dodge: Dodged            |     3 |    10 |    50 |    98 |     7 ||   168
       Repelled          |       |       |     3 |     3 |       ||     6
Block: Orb               |       |       |     5 |    41 |     2 ||    48
       Other             |       |       |     2 |       |       ||     2
       Reflection        |       |       |       |     3 |       ||     3
       Rpst.: Mace       |       |       |       |    16 |     2 ||    18
